 Dungeon Crawl Stone Soup version 0.20-a0-1058-g0491fde (webtiles) character file.

280 shinino the Cleaver (level 6, -1/52 HPs)
             Began as a Minotaur Berserker on Apr 26, 2017.
             Was a Priest of Trog.
             Slain by a hornet (7 damage)
             ... on level 4 of the Dungeon.
             The game lasted 00:05:26 (3716 turns).

shinino the Cleaver (Minotaur Berserker)            Turns: 3716, Time: 00:05:27

Health: -1/52      AC:  6    Str: 21    XL:     6   Next: 5%
Magic:  5/5        EV: 12    Int:  4    God:    Trog [***...]
Gold:   202        SH:  0    Dex: 12    Spells: 5/5 levels left

rFire    + . .     SeeInvis .   a - +0 hand axe
rCold    . . .     Gourm    .   (no shield)
rNeg     . . .     Faith    .   n - +2 leather armour {rF+}
rPois    .         Spirit   .   (helmet restricted)
rElec    .         Reflect  .   l - scarf {repulsion}
rCorr    .         Harm     .   i - +0 pair of gloves
MR       .....                  (no boots)
Stlth    +.........             (no amulet)
Regen    0.2/turn               (no ring)
MPRegen  0.1/turn               (no ring)

@: lethally poisoned (-1 -> -25), slowed, repel missiles, very slow
A: retaliatory headbutt, horns 2
a: Berserk, Trog's Hand, Burn Spellbooks, Renounce Religion


You were on level 4 of the Dungeon.
You worshipped Trog.
Trog was most pleased with you.
You were not hungry.

You visited 1 branch of the dungeon, and saw 4 of its levels.

You collected 202 gold pieces.

Inventory:

Hand Weapons
 a - a +0 hand axe (weapon)
Armour
 i - a +0 pair of gloves (worn)
 l - a scarf of repulsion (worn)
 n - a +2 leather armour of fire resistance (worn)
Wands
 u - a wand of iceblast (4/15)
 y - a wand of confusion (22/48)
Scrolls
 b - 3 scrolls of teleportation {unknown}
 e - a scroll of noise {unknown}
 g - a scroll of amnesia {unknown}
 h - 2 scrolls of identify {unknown}
 k - 3 scrolls of enchant armour {unknown}
 o - a scroll of remove curse {unknown}
 p - a scroll of magic mapping {unknown}
 r - a scroll of enchant weapon {unknown}
 t - a scroll of immolation {unknown}
 w - a scroll of recharging {unknown}
 x - a scroll of random uselessness {unknown}
Potions
 d - 2 potions of flight {unknown}
 f - a potion of agility {unknown}
 j - a potion of ambrosia {unknown}
 m - a potion of brilliance {unknown}
 s - a potion of degeneration {unknown}
 v - 2 potions of berserk rage {unknown}
Comestibles
 c - 4 bread rations
 q - a royal jelly


   Skills:
 + Level 3.7 Fighting
 + Level 8.1 Axes
 + Level 2.6 Armour
 - Level 2.1 Dodging


You had 5 spell levels left.
You didn't know any spells.

Dungeon Overview and Level Annotations

Branches:
Dungeon (4/15)
 Temple: D:4-7

Altars:
Cheibriados
Gozag
Zin


Innate Abilities, Weirdness & Mutations

You reflexively headbutt those who attack you in melee.
You have a pair of horns on your head.


Message History

* * * LOW HITPOINT WARNING * * *
You feel very sick. The hornet stings you.
* * * LOW HITPOINT WARNING * * *
You are more poisoned.
You feel as though you will be slow longer.
The hornet stings you but does no damage.
You barely miss the hornet. You headbutt the hornet.
The hornet is severely wounded.
* * * LOW HITPOINT WARNING * * *
You feel very sick. The hornet completely misses you. The hornet misses you.
You furiously retaliate!
You headbutt the hornet, but do no damage.
You completely miss the hornet.
The hornet is severely wounded.
* * * LOW HITPOINT WARNING * * *
You feel very sick. The hornet barely misses you. The hornet stings you!
You die...

#...........#####
#...........#
#...........#
#...........#
#.......#####
#.......#
#.......#
#......[#
#.@.....#
#.y.....#
#.....### #.....#
#.....# #.....#
#.....# #.....+


You could see a hornet.

Vanquished Creatures
  A hound (D:4)
  An orc priest (D:3)
  Crazy Yiuf (D:3)
  An orc wizard (D:3)
  Robin (D:3)
  4 adders
  2 oozes
  An adder skeleton (D:4)
  3 worms
  3 dart slugs
  3 leopard geckos
  6 orcs (D:3)
  3 giant cockroaches
  10 goblins
  17 hobgoblins
  6 jackals (D:1)
  5 kobolds
  6 bats
  2 frilled lizards
  3 rats
79 creatures vanquished.

Notes
Turn   | Place    | Note
-------+----------+-------------------------------------------
     0 | D:1      | shinino the Minotaur Berserker began the quest for the Orb.
     0 | D:1      | Reached XP level 1. HP: 19/19 MP: 0/0
    10 | D:1      | Reached skill level 4 in Axes
   164 | D:1      | Reached XP level 2. HP: 26/26 MP: 1/1
   742 | D:1      | Reached skill level 5 in Axes
  1112 | D:1      | Reached XP level 3. HP: 30/31 MP: 2/2
  1214 | D:2      | Reached ** piety under Trog
  1310 | D:2      | Found a glowing silver altar of Zin.
  1311 | D:2      | Found an opulent altar of Gozag.
  1378 | D:2      | Reached skill level 6 in Axes
  1378 | D:2      | Reached XP level 4. HP: 17/39 MP: 3/3
  2225 | D:3      | Found a snail-covered altar of Cheibriados.
  2290 | D:3      | Noticed Robin
  2307 | D:3      | Killed Robin
  2607 | D:3      | Found a runed door.
  2666 | D:3      | Reached *** piety under Trog
  2844 | D:3      | Reached XP level 5. HP: 44/45 MP: 4/4
  3030 | D:3      | Reached skill level 7 in Axes
  3292 | D:3      | Noticed Crazy Yiuf
  3297 | D:3      | Killed Crazy Yiuf
  3561 | D:4      | Reached skill level 8 in Axes
  3561 | D:4      | Reached XP level 6. HP: 51/51 MP: 5/5
  3705 | D:4      | Noticed a hornet
  3716 | D:4      | Slain by a hornet

Vault maps used:
D:1:      dpeg_arrival_lava_altar
D:2:      grunt_temple_overflow_gold_and_silver
D:3:      kennysheep_slug_shrine, uniq_robin, uniq_crazy_yiuf_cottage
D:4:      first_bread

Skill      XL: |  1  2  3  4  5 |
---------------+----------------+-----
Axes           | 4 5 6 8 |  8.1
Fighting       | |  3.7
Armour         | |  2.6
Dodging        | |  2.1

Action                   |  1- 3 |  4- 6 || total
-------------------------+-------+-------++-------
Melee: Hand axe          |    61 |   106 ||   167
       Headbutt          |    14 |    18 ||    32
Invok: Burn Spellbooks   |       |     1 ||     1
       Trog's Hand       |       |     1 ||     1
 Stab: Sleeping          |     1 |     1 ||     2
  Eat: Chunk             |     1 |     8 ||     9
Armor: Animal skin       |     8 |       ||     8
       Leather armour    |     5 |    28 ||    33
Dodge: Dodged            |    45 |    69 ||   114
       Deflected         |     1 |     2 ||     3
